 Dungeon Crawl Stone Soup version 0.20.1-1-g8b1a95d (webtiles) character file.

55 Linguinho the Vexing (level 3, -1/25 HPs)
             Began as a Demonspawn Enchanter on Oct 31, 2017.
             Slain by a goblin (5 damage)
             ... led by Robin
             ... on level 3 of the Dungeon.
             The game lasted 00:05:51 (2260 turns).

Linguinho the Vexing (Demonspawn Enchanter)         Turns: 2260, Time: 00:05:52

Health: -1/25      AC:  2    Str:  8    XL:     3   Next: 67%
Magic:  2/6        EV: 12    Int: 16    God:
Gold:   93         SH:  0    Dex: 14    Spells: 1/7 levels left

rFire    . . .     SeeInvis .   a - +1 dagger
rCold    . . .     Gourm    .   (no shield)
rNeg     . . .     Faith    .   b - +0 robe
rPois    .         Spirit   .   (no helmet)
rElec    .         Reflect  .   (no cloak)
rCorr    .         Harm     .   (no gloves)
MR       .....                  (no boots)
Stlth    ++........             (no amulet)
Regen    0.1/turn               (no ring)
MPRegen  0.1/turn               (no ring)

@: very slightly contaminated
A: powered by death 2
a: no special abilities


You were on level 3 of the Dungeon.
You were hungry.

You visited 1 branch of the dungeon, and saw 3 of its levels.

You collected 93 gold pieces.

Inventory:

Hand Weapons
 a - a +1 dagger (weapon)
Armour
 b - a +0 robe (worn)
Jewellery
 o - an uncursed ring of ice {unknown}
Scrolls
 m - 2 scrolls of remove curse {unknown}
 n - a scroll of fear {unknown}
Potions
 e - a potion of heal wounds {unknown}
 f - a potion of agility {unknown}
 g - 2 potions of haste {unknown}
 h - a potion of flight {unknown}
 i - a potion of curing {unknown}
 j - a potion of mutation {unknown}
 l - 2 potions of brilliance {unknown}
Books
 c - a book of Maledictions

   Spells                             Type                      Level
   a - Corona                         Hexes                        1
   b - Ensorcelled Hibernation        Hexes/Ice                    2
   c - Confuse                        Hexes                        3
   d - Tukima's Dance                 Hexes                        3
   e - Dazzling Spray                 Conjuration/Hexes            3
Comestibles
 d - a bread ration
 k - a fruit


   Skills:
 + Level 0.4 Fighting
 + Level 1.4 Short Blades
 + Level 1.9 Dodging
 + Level 2.8 Stealth
 + Level 2.6 Spellcasting
 + Level 3.7 Hexes


You had one spell level left.
You knew the following spells:

 Your Spells              Type           Power        Failure   Level  Hunger
a - Corona                Hex            ##.....      4%          1    #......
b - Ensorcelled Hibernat  Hex/Ice        #.....       14%         2    ##.....
c - Confuse               Hex            ##......     13%         3    ###....


Dungeon Overview and Level Annotations

Branches:
Dungeon (3/15)

Altars:
Hepliaklqana

Annotations:
D:2 Natasha, Robin


Innate Abilities, Weirdness & Mutations

You regenerate health from kills.


Message History

A chill runs through your body. The goblin completely misses you.
A goblin comes into view. It is wielding a dagger of venom.
The hobgoblin shouts!
A goblin comes into view. It is wielding a dagger.
The goblin shouts!
Robin roars a battlecry!
The goblins go into a battle-frenzy!
The goblin shouts!
The hobgoblin shouts!
Robin's bangles clink loudly.
The goblin no longer looks unusually strong.
There is a stone staircase leading down here.
The goblin hits you.
* * * LOW HITPOINT WARNING * * *
You climb downwards.
A hobgoblin comes into view.
There is a stone staircase leading up here.
The hobgoblin shouts!
You hear an angry hiss.
The goblin hits you.
You die...

.
....##+###
......g@<#
.......g##
........+
........#
####+####


You could see a hobgoblin and a goblin.

Vanquished Creatures
  2 adders (D:2)
  A worm (D:2)
  A dart slug (D:2)
  A leopard gecko (D:1)
  3 bats
  2 giant cockroaches (D:1)
  8 goblins
  4 hobgoblins
  2 jackals (D:2)
  4 frilled lizards
  2 kobolds
  A rat (D:1)
31 creatures vanquished.

Notes
Turn   | Place    | Note
-------+----------+-------------------------------------------
     0 | D:1      | Linguinho the Demonspawn Enchanter began the quest for the Orb.
     0 | D:1      | Reached XP level 1. HP: 13/13 MP: 3/3
   116 | D:1      | Reached skill level 1 in Short Blades
   471 | D:1      | Gained mutation: You regenerate a little health from kills. [demonic ancestry]
   471 | D:1      | Reached XP level 2. HP: 17/19 MP: 3/5
   475 | D:1      | Learned a level 2 spell: Ensorcelled Hibernation
  1141 | D:2      | Noticed Natasha
  1144 | D:2      | Noticed a crimson imp
  1157 | D:2      | Noticed a crimson imp
  1288 | D:2      | Gained mutation: You regenerate health from kills. [demonic ancestry]
  1288 | D:2      | Reached XP level 3. HP: 6/24 MP: 1/6
  1524 | D:2      | Learned a level 3 spell: Confuse
  1783 | D:2      | Found a hazy altar of Hepliaklqana.
  2208 | D:2      | Noticed Robin
  2260 | D:3      | Slain by a goblin

Skill      XL: |  1 |
---------------+----+-----
Short Blades   | 1 |  1.4
Fighting       | |  0.4
Dodging        | |  1.9
Stealth        | |  2.8
Spellcasting   | |  2.6
Hexes          | |  3.7

Action                   || total
-------------------------++-------
Melee: Dagger            ||   125
 Cast: Corona            ||    17
       Ensorcelled Hiber ||    12
       Confuse           ||     3
 Stab: Sleeping          ||    10
  Eat: Chunk             ||     5
Armor: Robe              ||    15
Dodge: Dodged            ||   110
